 Dungeon Crawl Stone Soup version 0.30-b1-2-g02819fbbbe (webtiles) character file.

Game seed: 2593853144467695526

14776 magipi the Geomancer (level 12, -8/64 HPs)
             Began as a Gargoyle Earth Elementalist on June 5, 2023.
             Was a Priest of Vehumet.
             Mangled by Urug the entropy weaver (10 damage)
             ... on level 11 of the Dungeon.
             The game lasted 00:47:22 (13857 turns).

magipi the Geomancer (Gargoyle Earth Elementalist) Turns: 13857, Time: 00:47:23

Health: -8/64      AC:  9    Str: 13    XL:     12   Next: 20%
Magic:  6/26       EV: 21    Int: 20    God:    Vehumet [***...]
Gold:   118        SH:  5    Dex: 10    Spells: 18/31 levels left

rFire   . . .        a - +4 dagger (freeze)
rCold   . . .        C - +0 buckler
rNeg    + . .        d - +0 robe
rPois   ∞            y - +0 helmet
rElec   +            p - scarf {shadows}
rCorr   .            t - +1 pair of gloves
SInv    .            (no boots)
Will    .....        (no amulet)
Stlth   ++           r - +5 ring of evasion
HPRegen 0.30/turn    v - +5 ring of evasion
MPRegen 0.20/turn

%: no passive effects
@: about to teleport, corroded, studying Ranged Weapons
A: sickness immunity, AC +8, negative energy resistance 1, electricity
resistance, torment resistance 1, petrification resistance
a: Renounce Religion


You were on level 11 of the Dungeon.
You worshipped Vehumet.
Vehumet was most pleased with you.
You visited 2 branches of the dungeon, and saw 12 of its levels.

You collected 661 gold pieces.
You spent 543 gold pieces at shops.

Inventory:

Hand Weapons
 a - a +4 dagger of freezing (weapon)
   (You took it off a wight on level 9 of the Dungeon)
 F - a +0 broad axe
   (You found it on level 5 of the Dungeon)
Missiles
 k - 9 javelins
 D - 5 boomerangs (quivered)
Armour
 d - a +0 robe (worn)
 p - a scarf of shadows (worn)
   (You found it on level 2 of the Dungeon)
 t - a +1 pair of gloves (worn)
   (You found it on level 2 of the Dungeon)
 y - a +0 helmet (worn)
   (You took it off Robin on level 3 of the Dungeon)
 C - a +0 buckler (worn)
   (You took it off a gnoll sergeant on level 8 of the Dungeon)
Magical Staves
 b - a staff of earth
   (You found it on level 7 of the Dungeon)
Jewellery
 n - a ring of positive energy
   (You found it on level 2 of the Dungeon)
 r - a +5 ring of evasion (left hand)
   (You found it on level 4 of the Dungeon)
 v - a +5 ring of evasion (right hand)
   (You found it on level 3 of the Dungeon)
Wands
 o - a wand of polymorph (21)
   (You took it off Terence on level 2 of the Dungeon)
 x - a wand of flame (37)
   (You took it off Grinder on level 3 of the Dungeon)
Scrolls
 e - 2 scrolls of enchant armour
 g - a scroll of magic mapping
 w - 4 scrolls of enchant weapon {unknown}
 E - 2 scrolls of teleportation
 H - a scroll of fog
 J - 3 scrolls of identify
Potions
 c - 7 potions of lignification
 f - 2 potions of mutation
 h - a potion of heal wounds
 j - 2 potions of might
 l - a potion of degeneration
 m - 5 potions of curing
 q - 4 potions of attraction
 u - 2 potions of resistance
 z - 3 potions of brilliance
 A - a potion of ambrosia
 B - 3 potions of flight
 G - 2 potions of berserk rage {unknown}


   Skills:
 - Level 2.9 Fighting
 - Level 1.5 Dodging
 - Level 2.1 Stealth
 - Level 5.0 Shields
 - Level 10.0 Spellcasting
 - Level 10.0 Conjurations
 - Level 6.0 Transmutations
 + Level 3.1 Ice Magic
 - Level 12.0 Earth Magic
 - Level 1.4 Evocations


You had 18 spell levels left.
You knew the following spells:

 Your Spells              Type           Power      Damage    Failure   Level
e - Sandblast             Erth           100%       2d20      1%          1
f - Frozen Ramparts       Ice            44%        1d7       2%          3
s - Stone Arrow           Conj/Erth      100%       3d13      1%          3
w - Passwall              Tmut/Erth      38%        N/A       1%          2
P - Petrify               Tmut/Erth      46%        N/A       2%          4

Your spell library contained the following spells:

 Spells                   Type           Power      Damage    Failure   Level
 Momentum Strike          Conj/Tloc      60%        3d9       1%          2
 Freeze                   Ice            88%        1d9       1%          1
 Magic Dart               Conj           100%       1d8       1%          1
 Dazzling Flash           Conj/Hex       60%        N/A       1%          3
 Hailstorm                Conj/Ice       36%        3d9       1%          3
 Mephitic Cloud           Conj/Pois/Air  23%        N/A       1%          3
 Iskenderun's Mystic Bla  Conj/Tloc      30%        2d8       3%          4
 Volatile Blastmotes      Fire/Tloc      20%        2d11      7%          3
 Call Imp                 Summ           20%        N/A       14%         2
 Starburst                Conj/Fire      15%        6d6       41%         6
 Agony                    Necr           10%        N/A       94%         5
 Silence                  Hex/Air        5%         N/A       94%         5


Dungeon Overview and Level Annotations

Branches:
Dungeon (11/15)            Temple (1/1) D:4            Lair (0/5) D:9
    Orc (0/2) D:9

Altars:
Ashenzari
Cheibriados
Dithmenos
Elyvilon
Fedhas
Gozag
Hepliaklqana
Kikubaaqudgha
Makhleb
Nemelex Xobeh
Okawaru
Qazlal
Ru
Sif Muna
Trog
Uskayaw
Vehumet
Wu Jian
Xom
Yredelemnul
Zin
The Shining One

Shops:
D:4 !**   D:7 [   D:8 !   D:9 *

Annotations:
D:6 1 runed translucent door, MrCrawl's ghost, novice DsNe
D:8 4 transporters, dig, Amaemon
D:9 3 runed translucent doors, Alarkh's ghost, journeyman DsWr; Arzdou's ghost, novice MfMo; CommanderKeen's ghost, novice TrWr; FlatIsJustice's ghost, novice TeAE
D:11 Fannar; Urug


Innate Abilities, Weirdness & Mutations

You are immune to sickness and miasma.
Your stone body is resilient. (AC +8)
You are immune to poison.
You resist negative energy. (rN+)
You are resistant to electric shocks. (rElec)
You are resistant to unholy torment.
You are immune to petrification.


Message History

Press: ? - help, Shift-Dir - straight line, f - Urug
Aim: Urug, wielding a +4 heavy great mace, wearing a +0 chain mail and quivering javelins (lightly wounded, chance to affect: 34%) Urug easily resists.
The wall freezes Urug but does no damage.
Urug closely misses you.
The ice beast completely resists.
The wall freezes the ice beast but does no damage.
The ice beast completely resists.
The wall freezes the ice beast but does no damage.
Aiming: Paralyse
Press: ? - help, Shift-Dir - straight line, f/p - Urug
Aim: Urug, wielding a +4 heavy great mace, wearing a +0 chain mail and quivering javelins (lightly wounded, chance to affect: 34%) Urug easily resists.
The now-empty wand crumbles to dust.
The ice beast completely resists.
The wall freezes the ice beast but does no damage. x2
Aiming: Polymorph
Press: ? - help, Shift-Dir - straight line, f/p - Urug
Aim: Urug, wielding a +4 heavy great mace, wearing a +0 chain mail and quivering javelins (lightly wounded, will become a rime drake, a jelly, or an entropy weaver, chance to affect: 34%) Urug evaporates and reforms as an entropy weaver!
The wall freezes Urug.
Urug barely misses you. Urug hits you!
* * * LOW HITPOINT WARNING * * *
You block Urug's attack. Urug misses you.
The ice beast completely resists.
The wall freezes the ice beast but does no damage.
The ice beast completely resists.
The wall freezes the ice beast but does no damage.
Unknown command.
Okay, then.
Your frozen ramparts will break if you move.
Continue?
Urug attacks as you move away! Urug completely misses you.
Urug barely misses you. Urug hits you.
* * * LOW HITPOINT WARNING * * *
Urug misses you.
The frozen ramparts melt away as you move.
Urug casts a spell at you. The entropic weave corrodes you!
There is an open door here.
Unknown command.
As you read the scroll of teleportation, it crumbles to dust.
You feel strangely unstable. Urug attacks as you move away! Urug hits you!
You die...

###### ......###
......'.#
......#Y############
##
...o..#Y#..........#
#.
......#B#..........#
+.
......#.#@.........+
#.
...$..#.B..........#
#.
......###..........#
#. #..........# #.
#####'###### #.
#.### ## #...##
###..## ##..###


You could see Urug the entropy weaver.

Vanquished Creatures
  A boulder beetle (D:11)
  2 two-headed ogres
  Erica (D:8)
  2 death yaks (D:9)
  A cyclops (D:11)
  A gargoyle (D:11)
  2 unseen horrors (D:10)
  5 trolls
  Grinder (D:3)
  2 polar bears (D:11)
  Prince Ribbit (D:6)
  Sigmund (D:3)
  A wraith (D:11)
  13 yaks
  Grum (D:8)
  2 wyverns
  4 vampire mosquitoes (D:11)
  2 wargs (D:9)
  An acid dragon (D:8)
  3 water moccasins
  Duvessa (D:7)
  2 sky beasts (D:6)
  2 orc warriors
  A black bear (D:7)
  2 ice beasts
  3 wolves
  2 ogres
  4 centaurs
  2 phantoms
  2 kobold brigands (D:9)
  3 bullfrogs
  2 scorpions (D:6)
  2 gnoll sergeants
  12 wights
  6 killer bees (D:7)
  Dowan (D:7)
  3 howler monkeys (D:10)
  4 jellies
  12 orc priests
  2 hounds (D:5)
  15 orc wizards
  A sleepcap (D:7)
  4 iguanas (D:5)
  Terence (D:2)
  Robin (D:3)
  4 adders
  10 gnolls
  A shadow imp (D:5)
  An ufetubus (D:6)
  3 dart slugs
  36 orcs
  10 ball pythons
  10 endoplasms
  2 giant cockroaches
  12 goblins
  15 hobgoblins
  7 jackals
  17 kobolds
  7 quokkas
  4 bats
  3 frilled lizards
  5 rats
284 creatures vanquished.

Notes
Turn   | Place    | Note
-------+----------+-------------------------------------------
     0 | D:1      | magipi the Gargoyle Earth Elementalist began the quest for
                  | the Orb.
     0 | D:1      | Reached XP level 1. HP: 10/10 MP: 3/3
    80 | D:1      | Reached skill level 1 in Transmutations
   140 | D:1      | Reached skill level 4 in Earth Magic
   140 | D:1      | Reached XP level 2. HP: 15/15 MP: 3/5
   143 | D:1      | Learned a level 2 spell: Passwall
   484 | D:1      | Reached XP level 3. HP: 19/19 MP: 3/6
   488 | D:1      | Learned a level 3 spell: Stone Arrow
  1301 | D:2      | Noticed Terence
  1590 | D:2      | Killed Terence
  1591 | D:2      | Reached skill level 1 in Conjurations
  1591 | D:2      | Reached XP level 4. HP: 24/24 MP: 1/7
  2102 | D:3      | Noticed Grinder
  2109 | D:3      | Killed Grinder
  2110 | D:3      | Reached skill level 5 in Earth Magic
  2110 | D:3      | Reached XP level 5. HP: 28/28 MP: 1/9
  2110 | D:3      | Reached XP level 6. HP: 32/32 MP: 1/10
  2192 | D:3      | Learned a level 4 spell: Petrify
  2390 | D:3      | Found a snail-covered altar of Cheibriados.
  2392 | D:3      | Noticed Robin
  2424 | D:3      | Killed Robin
  2425 | D:3      | Reached skill level 6 in Earth Magic
  2797 | D:3      | Noticed Sigmund
  2806 | D:3      | Killed Sigmund
  2807 | D:3      | Reached XP level 7. HP: 35/36 MP: 3/12
  3238 | D:4      | Found Hymmisem's General Store.
  3240 | D:4      | Found Keceosuy's Specific Store.
  3247 | D:4      | Bought a scroll of identify for 20 gold pieces
  3485 | D:4      | Found a shimmering blue altar of Sif Muna.
  3578 | D:4      | Found an iron altar of Okawaru.
  3722 | D:4      | Found Teappeir's Distillery.
  3726 | D:4      | Found a staircase to the Ecumenical Temple.
  3728 | D:4      | Bought a potion of heal wounds for 55 gold pieces
  3735 | Temple   | Entered the Ecumenical Temple
  4394 | D:4      | Reached skill level 7 in Earth Magic
  4591 | D:5      | Entered Level 5 of the Dungeon
  4603 | D:5      | Reached skill level 5 in Conjurations
  4673 | D:5      | Reached XP level 8. HP: 41/41 MP: 9/13
  5737 | D:5      | Reached skill level 8 in Earth Magic
  6484 | D:6      | Noticed Prince Ribbit
  6499 | D:6      | Killed Prince Ribbit
  6548 | D:6      | Reached XP level 9. HP: 45/45 MP: 11/15
  6615 | D:6      | Found a runed translucent door.
  6615 | D:6      | Noticed MrCrawl's ghost (novice DsNe)
  6786 | D:6      | Reached skill level 9 in Earth Magic
  7207 | D:6      | Found a radiant altar of Vehumet.
  7214 | D:6      | Became a worshipper of Vehumet
  7255 | D:6      | Reached skill level 5 in Spellcasting
  7524 | D:6      | Reached skill level 10 in Earth Magic
  8028 | D:7      | Found Ograow's Antique Armour Boutique.
  8045 | D:7      | Bought a glimmering leather armour for 224 gold pieces
  8045 | D:7      | Identified the +0 leather armour "Bihughex" {Rampage rPois
                  | rF- rC+++} (You bought it in a shop on level 7 of the
                  | Dungeon)
  8295 | D:7      | Noticed Duvessa
  8297 | D:7      | Noticed Dowan
  8312 | D:7      | Killed Duvessa
  8324 | D:7      | Killed Dowan
  8567 | D:7      | Reached XP level 10. HP: 50/50 MP: 15/19
  8762 | D:8      | Found a transporter.
  8765 | D:8      | Found a transporter.
  8837 | D:8      | Noticed Amaemon
  8925 | D:8      | Found an opulent altar of Gozag.
  8927 | D:8      | Noticed Erica
  9263 | D:8      | Reached * piety under Vehumet
  9263 | D:8      | Offered knowledge of Foxfire by Vehumet.
  9317 | D:7      | Reached skill level 1 in Shields
  9384 | D:8      | Noticed a two-headed ogre
  9569 | D:8      | Found a transporter.
  9574 | D:8      | Found a transporter.
  9654 | D:8      | Noticed Grum
  9737 | D:8      | Killed Grum
  9922 | D:8      | Killed Erica
 10030 | D:8      | Found Xegubywo's Distillery.
 10037 | D:8      | Bought a potion of curing for 36 gold pieces
 10037 | D:8      | Bought a potion of flight for 36 gold pieces
 10037 | D:8      | Bought a potion of lignification for 36 gold pieces
 10164 | D:8      | Reached skill level 5 in Transmutations
 10247 | D:8      | Killed a two-headed ogre
 10248 | D:8      | Reached skill level 11 in Earth Magic
 10603 | D:9      | Noticed CommanderKeen's ghost (novice TrWr)
 10603 | D:9      | Noticed Alarkh's ghost (journeyman DsWr)
 10603 | D:9      | Found a runed translucent gate.
 10603 | D:9      | Found a runed translucent gate.
 10603 | D:9      | Found a runed translucent gate.
 10604 | D:9      | Noticed FlatIsJustice's ghost (novice TeAE)
 10605 | D:9      | Noticed Arzdou's ghost (novice MfMo)
 10707 | D:9      | Reached XP level 11. HP: 54/54 MP: 14/21
 11090 | D:9      | Reached ** piety under Vehumet
 11102 | D:9      | Offered knowledge of Shock by Vehumet.
 11205 | D:9      | Found a staircase to the Orcish Mines.
 11205 | D:9      | Identified the +4 dagger "Qiliekhlo" {freeze, rF- MP+9
                  | Int+6 Stlth+}
 11228 | D:9      | Found a staircase to the Lair.
 11228 | D:9      | Noticed a death yak
 11228 | D:9      | Noticed a death yak
 11228 | D:9      | Noticed a death yak
 11228 | D:9      | Noticed a death yak
 11401 | D:9      | Noticed a death yak
 11402 | D:9      | Noticed a death yak
 11429 | D:9      | Killed a death yak
 11520 | D:9      | Killed a death yak
 11521 | D:9      | Reached skill level 5 in Shields
 11521 | D:9      | Reached skill level 10 in Conjurations
 11676 | D:9      | Offered knowledge of Momentum Strike by Vehumet.
 11679 | D:9      | Found Myrghoczu's Assorted Antiques.
 11686 | D:9      | Bought a blackened fluorescent wand for 136 gold pieces
 11931 | D:10     | Entered Level 10 of the Dungeon
 12088 | D:10     | Reached skill level 12 in Earth Magic
 12146 | D:10     | Noticed a two-headed ogre
 12151 | D:10     | Killed a two-headed ogre
 12774 | D:10     | Reached *** piety under Vehumet
 13039 | D:11     | Noticed a boulder beetle
 13085 | D:11     | Killed a boulder beetle
 13202 | D:11     | Reached skill level 10 in Spellcasting
 13202 | D:11     | Reached XP level 12. HP: 60/60 MP: 21/26
 13205 | D:11     | Reached skill level 1 in Fighting
 13300 | D:11     | Reached skill level 1 in Evocations
 13426 | D:11     | Noticed a two-headed ogre
 13491 | D:11     | Learned a level 3 spell: Frozen Ramparts
 13547 | D:11     | Reached skill level 1 in Ice Magic
 13594 | D:11     | Found a bloodstained altar of Trog.
 13831 | D:11     | Noticed Fannar
 13835 | D:11     | Noticed Urug
 13853 | D:11     | Urug changed into Urug the entropy weaver
 13853 | D:11     | Noticed Urug
 13854 | D:11     | HP: 1/64 [Urug the entropy weaver (4)]
 13857 | D:11     | Mangled by Urug the entropy weaver

Illustrated notes

Levels and vault maps discovered:
D:1:      nagdon_arrival_zigzag_paths, layout_basic, minmay_crystal_room,
          hex_medium, kennysheep_pointless_box, grunt_decor_junction
D:2:      layout_basic, minmay_joined_circles, uniq_terence
D:3:      layout_loops_ring, mainiacjoe_overflow_small_starburst, uniq_sigmund,
          uniq_grinder, uniq_robin
D:4:      layout_loops_cross, hellmonk_okawaru_the_only_friend_you_need,
          kennysheep_orc_sif_temple, minmay_temple_entry_statues_fountains,
          serial_shops, shop, grunt_decor_resistance, nicolae_specific_store,
          minmay_fountain_box
D:5:      layout_loops_corners
D:6:      layout_basic, nicolae_overflow_crystal_walls,
          ebering_ghost_reflecting_pool, minmay_manual_mullet,
          uniq_prince_ribbit1
D:7:      layout_gridville, serial_shops, shop, uniq_duvessa
D:8:      layout_gridville, mainiacjoe_overflow_concentric_impassable,
          serial_glass, glass_columns_c, glass_columns_b, feat_on_display,
          due_unseen_surprise, feat_on_display, serial_shops, shop,
          nicolae_transporter_circle, uniq_grum, uniq_amaemon, uniq_erica
D:9:      layout_loops_ring, dpeg_lair_monsters, erik_orc_4, serial_shops, shop,
          gammafunk_ghost_cemetery
D:10:     layout_irregular_city
D:11:     layout_roguey, trog_ov_bears_minmay, uniq_fannar, uniq_urug
Temple:   minmay_temple_bridge_d

Skill      XL: |  1  2  3  4  5  6  7  8  9 10 11 12 |
---------------+-------------------------------------+-----
Transmutations | 1 2 3 4 5 6 |  6.0
Earth Magic    | 4 5 6 7 8 10 11 12 | 12.0
Conjurations   | 1 3 4 5 6 8 9 10 | 10.0
Spellcasting   | 3 4 6 7 10 | 10.0
Shields        | 3 5 |  5.0
Fighting       | 2 |  2.9
Evocations     | 1 |  1.4
Ice Magic      | 3 |  3.1
Dodging        | |  1.5
Stealth        | |  2.1

Action                     |  1- 3 |  4- 6 |  7- 9 | 10-12 || total
---------------------------+-------+-------+-------+-------++-------
  Melee: Unarmed           |    14 |       |       |       ||    14
         Dagger            |     2 |     3 |     9 |    76 ||    90
   Cast: Sandblast         |    41 |    79 |   140 |   194 ||   454
         Stone Arrow       |       |     1 |    38 |    68 ||   107
         Petrify           |       |       |       |     8 ||     8
         Frozen Ramparts   |       |       |       |     1 ||     1
  Evoke: Wand              |       |       |       |     6 ||     6
    Use: Scroll            |       |       |    16 |     2 ||    18
         Potion            |       |       |     4 |     3 ||     7
   Stab: Sleeping          |       |     1 |     1 |       ||     2
         Petrified         |       |       |       |    21 ||    21
         Petrifying        |       |       |       |     1 ||     1
         Invisible         |       |       |       |     1 ||     1
 Armour: Robe              |     5 |     8 |    36 |    45 ||    94
         Skin              |     2 |       |       |       ||     2
  Dodge: Dodged            |    29 |    32 |    80 |   216 ||   357
  Block: Buckler           |       |       |       |    46 ||    46

Action                     |  1- 3 |  4- 6 |  7- 9 | 10-12 || total
---------------------------+-------+-------+-------+-------++-------
  Melee: Unarmed           |    14 |       |       |       ||    14
         Dagger            |     2 |     3 |     9 |    76 ||    90
   Cast: Sandblast         |    41 |    79 |   140 |   194 ||   454
         Stone Arrow       |       |     1 |    38 |    68 ||   107
         Petrify           |       |       |       |     8 ||     8
         Frozen Ramparts   |       |       |       |     1 ||     1
  Evoke: Wand              |       |       |       |     6 ||     6
    Use: Scroll            |       |       |    16 |     2 ||    18
         Potion            |       |       |     4 |     3 ||     7
   Stab: Sleeping          |       |     1 |     1 |       ||     2
         Petrified         |       |       |       |    21 ||    21
         Petrifying        |       |       |       |     1 ||     1
         Invisible         |       |       |       |     1 ||     1
 Armour: Robe              |     5 |     8 |    36 |    45 ||    94
         Skin              |     2 |       |       |       ||     2
  Dodge: Dodged            |    29 |    32 |    80 |   216 ||   357
  Block: Buckler           |       |       |       |    46 ||    46
